Map: Heavy Artillery LE

Players

dnurs

  • Race: Protoss Protoss
  • Spawn Location: 3:00

deimos

  • Race: Terran Terran
  • League: Diamond
  • Spawn Location: 1:00

Ekelpack - Winner!

  • Race: Zerg Zerg
  • Spawn Location: 7:00

Nyck - Winner!

  • Race: Terran Terran
  • League: Silver
  • Spawn Location: 7:00

VOD

Have the link to the VOD?

Description

Time

  • Played on: Nov. 8, 2024, 2:22 p.m.
  • Length: 14:17
Show
View Real Time Build Order
Export as new Build Order

dnurs Protoss 

Build Orders: Nexus First 

Get SALT Encoding   

  12  0:00  Probe (Chrono Boost)  
  13  0:10  Probe (Chrono Boost)  
  14  0:15  Probe (Chrono Boost)  
  15  0:27  Pylon  
  15  0:45  Probe  
  16  0:56  Nexus  
  16  1:04  Gateway  
  16  1:08  Probe (Chrono Boost)  
  17  1:16  Assimilator  
  18  1:18  Probe (Chrono Boost)  
  18  1:22  Assimilator  
  18  1:23  Probe (Chrono Boost)  
  19  1:40  Probe  
  20  1:52  Probe  
  21  2:03  Cybernetics Core  
  21  2:04  Probe (Chrono Boost)  
  24  2:15  Probe (Chrono Boost)  
  24  2:16  Probe (Chrono Boost)  
  24  2:22  Pylon  
  26  2:24  Probe x2 (Chrono Boost)  
  26  2:29  Probe (Chrono Boost)  
  26  2:30  Probe  
  28  2:39  Warp Gate (Chrono Boost)  
  28  2:40  Probe  
  29  2:45  Twilight Council  
  29  2:49  Robotics Facility  
  29  2:52  Probe  
  29  2:54  Adept  
  32  3:04  Probe  
  33  3:06  Probe  
  34  3:13  Probe  
  34  3:19  Probe  
  36  3:21  Probe  
  36  3:22  Charge  
  37  3:29  Pylon  
  37  3:31  Gateway, Probe x2  
  37  3:32  Gateway  
  39  3:39  Warp Prism  
  41  3:49  Probe  
  42  4:02  Gateway  
  42  4:05  Gateway x2  
  42  4:13  Forge  
  42  4:35  Templar Archives  
  42  4:40  Pylon  
  42  4:43  Pylon  
  42  4:47  Gateway  
  42  5:01  Protoss Ground Weapons Level 1  
  42  5:04  Nexus  
  42  5:19  Zealot x2  
  42  5:20  Zealot  
  42  5:21  Zealot x3  
  44  5:39  Blink  
  42  5:43  Stalker  
  42  5:44  Stalker x6  
  56  5:55  Assimilator  
  56  5:57  Assimilator  
  56  6:04  Pylon  
  56  6:09  Assimilator  
  56  6:12  Pylon  
  56  6:14  Assimilator, Probe (Chrono Boost)  
  57  6:24  Probe (Chrono Boost)  
  58  6:29  Probe (Chrono Boost)  
  46  6:40  Probe  
  46  6:42  Zealot x5  
  46  6:43  Zealot x2  
  59  6:53  Probe (Chrono Boost)  
  52  7:03  Probe (Chrono Boost)  
  45  7:13  Probe (Chrono Boost)  
  46  7:18  Probe (Chrono Boost)  
  47  7:29  Warp Prism  
  50  7:30  Probe (Chrono Boost)  
  52  7:37  Probe (Chrono Boost)  
  52  7:38  Probe (Chrono Boost)  
  54  7:44  Probe (Chrono Boost)  
  54  7:47  Probe (Chrono Boost)  
  54  7:49  Probe (Chrono Boost)  
  55  7:51  Stargate  
  55  7:54  Stargate  
  55  7:56  Probe  
  55  7:57  Stargate  
  56  8:00  Stargate  
  56  8:02  Probe (Chrono Boost)  
  57  8:09  Probe (Chrono Boost)  
  58  8:13  Pylon  
  58  8:17  Pylon  
  58  8:18  Probe x2 (Chrono Boost)  
  60  8:23  Probe (Chrono Boost)  
  60  8:25  Shield Battery  
  60  8:27  Shield Battery  
  61  8:34  Protoss Air Weapons Level 1, Probe (Chrono Boost)  
  61  8:36  Probe (Chrono Boost)  
  63  8:43  Photon Cannon  
  63  8:45  Probe (Chrono Boost)  
  63  8:46  Probe (Chrono Boost)  
  65  8:52  Photon Cannon  
  65  8:54  Probe x2 (Chrono Boost)  
  68  8:57  Probe (Chrono Boost)  
  68  9:03  Probe (Chrono Boost)  
  68  9:04  Probe (Chrono Boost)  
  68  9:05  Probe (Chrono Boost)  
  68  9:09  Phoenix x2  
  74  9:12  Probe (Chrono Boost)  
  74  9:13  Phoenix  
  74  9:14  Probe x2 (Chrono Boost)  
  78  9:17  Probe (Chrono Boost)  
  78  9:21  Probe  
  80  9:27  Probe  
  81  9:32  Protoss Ground Armor Level 1  
  81  9:39  Probe  
  81  9:41  Phoenix x3  
  81  9:42  Phoenix  
  90  10:00  Probe (Chrono Boost)  
  90  10:06  Phoenix  
  93  10:10  Probe (Chrono Boost)  
  93  10:13  Nexus  
  94  10:15  Probe (Chrono Boost)  
  94  10:16  Pylon  
  95  10:24  Pylon  
  95  10:26  Probe, Pylon  
  96  10:29  Phoenix x3  
  96  10:31  Phoenix  
  104  10:38  Probe  
  104  10:39  Fleet Beacon  
  104  10:42  Pylon  
  105  10:48  Protoss Air Armor Level 1  
  105  10:54  Phoenix x3  
  111  11:18  Assimilator  
  111  11:20  Assimilator  
  111  11:29  Phoenix x4  
  119  11:35  Zealot x4  
  119  11:36  Zealot x3  
  133  11:51  Probe  
  133  11:54  Phoenix x4  
  142  12:03  Probe  
  142  12:06  Anion Pulse-Crystals  
  143  12:08  Warp Prism  
  146  12:15  Probe  
  146  12:27  Probe  
  147  12:39  Probe  
  148  13:09  Zealot  
  148  13:10  Zealot x3  
  156  13:31  Pylon  
  156  13:34  Pylon  
  148  13:35  Pylon  
  148  13:36  Pylon  
  148  13:37  Pylon  
  148  13:39  Pylon  
Show
View Real Time Build Order
Export as new Build Order

deimos Terran 

Build Orders: Gas First Reaper Expand 

Get SALT Encoding   

  12  0:00  SCV  
  13  0:12  SCV  
  14  0:17  Supply Depot  
  14  0:25  SCV  
  15  0:30  Refinery  
  15  0:39  SCV  
  16  0:45  Barracks  
  16  0:51  SCV  
  17  1:03  SCV  
  18  1:15  SCV  
  19  1:32  Orbital Command, Reaper  
  20  1:42  Command Center  
  20  1:49  Supply Depot  
  20  1:55  Refinery  
  20  1:59  SCV  
  21  2:05  Barracks Reactor  
  21  2:12  SCV  
  21  2:14  Factory  
  22  2:24  SCV  
  23  2:38  SCV  
  24  2:50  SCV  
  25  2:53  Marine x2  
  25  2:54  Orbital Command  
  27  3:02  SCV  
  27  3:03  Barracks  
  27  3:04  Engineering Bay  
  28  3:07  Factory Tech Lab  
  28  3:14  SCV  
  28  3:16  Barracks  
  29  3:22  SCV  
  29  3:27  SCV, Marine x2  
  33  3:34  SCV  
  33  3:39  SCV  
  35  3:44  Terran Infantry Weapons Level 1  
  35  3:45  Marine x2  
  35  3:47  SCV  
  38  3:51  SCV  
  38  3:52  Barracks Tech Lab, Supply Depot  
  38  3:53  Supply Depot  
  39  3:59  SCV  
  40  4:03  SCV, Starport  
  40  4:06  Barracks Tech Lab  
  40  4:09  Marine x2  
  43  4:11  Stimpack  
  43  4:13  SCV  
  44  4:18  Supply Depot  
  44  4:27  Marine  
  44  4:28  SCV x2  
  47  4:35  Siege Tank, Marine  
  47  4:36  Marine x2  
  53  4:40  Supply Depot, SCV  
  53  4:44  Combat Shield, Marine  
  53  4:45  Starport Reactor  
  55  4:50  Refinery  
  55  4:51  Refinery  
  55  4:53  Marine  
  55  4:56  Marine x2  
  55  4:58  SCV x2  
  60  5:02  Marine  
  60  5:04  Supply Depot  
  61  5:10  SCV  
  61  5:11  Supply Depot  
  61  5:13  SCV  
  63  5:20  Marine x4  
  67  5:22  SCV  
  68  5:38  Supply Depot, Marine x4, Command Center  
  68  5:40  Supply Depot  
  72  5:47  Medivac  
  74  5:51  Medivac  
  74  5:56  Marine x2  
  78  5:59  Missile Turret  
  77  6:06  Marine x2  
  77  6:10  Command Center  
  79  6:11  Supply Depot  
  79  6:13  Marine, Missile Turret  
  79  6:14  Marine  
  79  6:17  Medivac  
  83  6:23  Marine x2  
  80  6:31  Marine x2  
  78  6:41  Marine  
  79  6:55  Marine x3  
  79  6:59  Marine  
  81  7:05  Medivac x2  
  85  7:13  Marine x3  
  88  7:17  Marine  
  80  7:31  Marine x3  
  80  7:35  Marine, Medivac x2  
  60  7:48  Marine  
  60  7:49  Marine x2  
  56  7:52  Marine  
  56  7:54  Siege Tank  
  56  7:58  Supply Depot  
  60  7:59  Terran Infantry Armor Level 1  
  60  8:04  SCV x2  
  60  8:05  Medivac x2  
  64  8:06  Marine x3  
  64  8:10  Marine  
  70  8:14  Missile Turret  
  70  8:24  Marine x3  
  70  8:25  Engineering Bay  
  72  8:28  Marine  
  72  8:35  Medivac x2  
  72  8:37  Orbital Command  
  72  8:39  SCV  
  77  8:42  SCV, Marine x3  
  77  8:46  Marine  
  82  8:56  Armory  
  82  9:00  Marine x3  
  85  9:04  SCV, Marine  
  85  9:05  SCV x2  
  89  9:12  Missile Turret  
  89  9:17  SCV, Marine  
  90  9:18  Marine x2  
  90  9:20  Sensor Tower  
  90  9:24  SCV  
  90  9:25  SCV  
  90  9:29  SCV, Missile Turret  
  90  9:30  Marine  
  94  9:35  Marine  
  94  9:36  SCV  
  96  9:38  SCV  
  96  9:41  SCV  
  96  9:44  Terran Infantry Weapons Level 2  
  98  9:49  SCV  
  98  9:51  SCV  
  98  9:52  Marine x2  
  102  9:53  SCV  
  102  9:58  Terran Infantry Armor Level 2  
  103  10:00  Medivac  
  103  10:01  SCV  
  103  10:03  SCV  
  103  10:05  SCV  
  108  10:15  Marine  
  108  10:16  Marine x3  
  108  10:21  Siege Tank  
  115  10:33  Marine x3  
  115  10:34  Marine  
  119  10:35  Barracks  
  119  10:36  Barracks  
  119  10:37  Terran Ship Weapons Level 1  
  119  10:38  Barracks  
  119  10:49  Command Center  
  118  10:51  Marine  
  118  10:52  Command Center  
  117  11:05  Barracks  
  117  11:13  SCV x3  
  117  11:18  Marine x4  
  121  11:23  Siege Tank  
  127  11:25  SCV x2  
  127  11:26  SCV  
  130  11:37  SCV  
  130  11:38  SCV x2  
  130  11:39  Marine x2  
  135  11:40  Barracks Reactor x2  
  135  11:53  Marine, Marauder  
  138  11:55  Siege Tank  
  138  11:58  Refinery  
  138  11:59  Refinery  
  138  12:00  Marine x2  
  143  12:01  Supply Depot  
  143  12:05  Supply Depot x2  
  143  12:06  Supply Depot  
  143  12:11  Marine  
  143  12:14  Marine  
  145  12:16  Orbital Command  
  145  12:17  Orbital Command  
  145  12:18  Marine  
  145  12:20  Ghost Academy  
  145  12:21  Barracks  
  98  12:47  Marine x3  
  98  12:48  Marine x4  
  78  12:52  Marine x2  
  79  13:01  Siege Tank  
  79  13:05  Marine x5  
  76  13:06  Marine x2  
  76  13:10  Marine x2  
  76  13:11  Barracks Tech Lab  
  82  13:23  Marine x2  
  82  13:25  Marine x5  
  85  13:27  Ghost x2  
  85  13:33  Siege Tank  
  78  13:41  Marine  
Show
View Real Time Build Order
Export as new Build Order

Ekelpack Zerg - Winner!

Build Orders: Hatch First 

Get SALT Encoding   

  12  0:00  Drone  
  13  0:12  Overlord  
  13  0:17  Drone  
  14  0:40  Hatchery  
  13  0:45  Drone  
  14  1:01  Spawning Pool  
  13  1:05  Drone  
  13  1:09  Drone  
  15  1:12  Extractor  
  15  1:15  Drone  
  15  1:19  Drone  
  16  1:28  Drone  
  17  1:38  Drone  
  18  1:51  Queen  
  18  1:53  Queen  
  22  1:59  Drone  
  23  2:04  Drone  
  23  2:06  Drone  
  25  2:10  Drone  
  26  2:17  Overlord  
  26  2:21  Drone  
  27  2:29  Lair  
  27  2:37  Drone x3  
  27  2:41  Drone  
  31  2:47  Extractor  
  30  2:52  Drone  
  30  2:55  Extractor  
  30  2:57  Drone  
  31  3:03  Drone x4  
  31  3:05  Overlord  
  35  3:14  Drone  
  36  3:23  Overlord  
  36  3:25  Drone  
  36  3:26  Drone  
  38  3:32  Drone, Spire  
  38  3:35  Extractor  
  37  3:46  Drone x6  
  37  3:47  Drone  
  44  3:58  Drone x4  
  48  4:17  Overlord x2  
  48  4:36  Overlord  
  48  4:46  Mutalisk x4  
  48  4:47  Mutalisk x2  
  48  4:51  Zerg Flyer Weapons Level 1  
  60  4:53  Overlord  
  60  4:55  Mutalisk x2  
  60  4:58  Mutalisk x2  
  68  5:10  Queen  
  68  5:11  Overlord  
  68  5:13  Hatchery  
  65  6:02  Metabolic Boost  
  65  6:03  Mutalisk  
  65  6:04  Mutalisk x6  
  65  6:06  Zergling x4  
  81  6:14  Overlord  
  81  6:33  Overlord  
  81  6:34  Zergling x10  
  81  6:35  Zergling x2  
  87  6:41  Infestation Pit  
  87  6:42  Drone x5  
  71  7:08  Mutalisk x2  
  71  7:09  Mutalisk x4  
  71  7:10  Zergling x6  
  71  7:11  Zergling x4  
  59  7:51  Drone x5  
  61  7:52  Drone  
  61  7:53  Hive  
  61  7:55  Queen  
  67  8:05  Drone  
  68  8:14  Hatchery  
  68  8:18  Zergling x4  
  68  8:19  Zergling x2  
  70  8:38  Zergling x6  
  70  8:39  Zergling x6  
  76  8:45  Evolution Chamber  
  76  8:47  Evolution Chamber  
  74  9:01  Zergling x2  
  74  9:02  Zergling x10  
  80  9:11  Ultralisk Cavern, Zerg Melee Weapons Level 1  
  80  9:12  Zerg Ground Armor Level 1  
  79  9:27  Overlord x2  
  79  9:29  Zergling x8  
  79  9:30  Zergling x4  
  85  9:33  Drone  
  86  9:40  Drone x2  
  88  9:47  Adrenal Glands  
  88  9:51  Drone x5  
  88  9:52  Queen  
  95  9:58  Extractor  
  94  10:02  Chitinous Plating, Ultralisk x3  
  112  10:18  Drone x2  
  112  10:19  Drone x3  
  117  10:26  Overlord x2  
  117  10:35  Extractor  
  116  10:43  Overlord, Ultralisk  
  116  10:45  Ultralisk  
  126  11:09  Zerg Melee Weapons Level 2  
  126  11:10  Zerg Ground Armor Level 2  
  124  11:20  Overlord  
  124  11:25  Ultralisk x2  
  136  11:28  Drone x4  
  136  11:29  Drone x4  
  144  11:53  Overlord  
  144  11:54  Overlord  
  144  12:04  Overlord  
  144  12:10  Overlord  
  144  12:11  Overlord  
  144  12:17  Ultralisk x3  
  144  12:18  Overlord x3  
  123  12:46  Ultralisk x3  
  123  12:47  Zergling x8  
  139  13:04  Ultralisk x2  
  148  13:23  Hatchery  
  153  13:27  Ultralisk x2  
  142  14:04  Spore Crawler  
  139  14:13  Spore Crawler  
  139  14:14  Spore Crawler  
Show
View Real Time Build Order
Export as new Build Order

Nyck Terran - Winner!

Build Orders:  

Get SALT Encoding   

  12  0:00  SCV  
  13  0:12  SCV  
  14  0:19  Supply Depot  
  14  0:25  SCV  
  15  0:41  SCV  
  16  0:43  Barracks  
  16  0:48  Refinery  
  16  0:51  Refinery  
  16  0:54  SCV  
  17  1:07  Barracks  
  17  1:10  SCV  
  18  1:22  SCV  
  19  1:31  Supply Depot  
  19  1:33  Reaper  
  19  1:36  SCV  
  21  1:49  SCV  
  22  1:55  Supply Depot  
  22  1:59  Barracks Reactor  
  22  2:06  Barracks Reactor  
  22  2:12  Orbital Command  
  22  2:25  Factory  
  22  2:36  Marine  
  22  2:37  Marine  
  24  2:49  SCV  
  24  2:51  Marine x2  
  26  3:04  Marine x2  
  28  3:07  SCV  
  28  3:11  Starport, Factory Reactor  
  28  3:12  Marine x2  
  30  3:18  Supply Depot  
  30  3:19  SCV  
  32  3:28  Barracks  
  32  3:31  SCV  
  33  3:47  Marine x3  
  36  3:48  Marine  
  37  4:03  Command Center  
  37  4:04  SCV  
  38  4:10  Medivac  
  38  4:13  Medivac  
  42  4:17  Barracks Tech Lab  
  42  4:20  Marine x2  
  44  4:27  SCV  
  45  4:32  Supply Depot  
  45  4:35  Marine x2  
  45  4:37  Combat Shield  
  47  4:57  SCV  
  48  5:01  Medivac  
  48  5:02  Marine  
  48  5:03  Marine  
  48  5:05  Marine x2  
  54  5:07  Marine  
  55  5:15  Medivac  
  57  5:41  SCV  
  58  5:49  Marine x4, Command Center  
  62  5:50  Marine  
  62  5:53  Medivac x2  
  65  6:09  SCV  
  66  6:19  SCV  
  66  6:20  Marine x3  
  70  6:40  Stimpack  
  70  6:44  SCV x2, Marine x2  
  70  6:45  Supply Depot  
  73  7:07  Marine x4  
  73  7:08  Supply Depot, Marine  
  78  7:09  Medivac x2  
  79  7:25  Marine x3  
  66  7:43  Marine x2  
  66  7:44  Marine  
  59  7:49  Marine x2  
  62  7:55  Orbital Command  
  62  7:58  Refinery  
  62  7:59  Refinery  
  62  8:01  SCV  
  63  8:15  Marine x5  
  63  8:18  Medivac  
  63  8:19  Command Center  
  70  8:32  Marine  
  70  8:33  Marine, Engineering Bay  
  72  8:40  SCV, Engineering Bay  
  73  8:47  SCV, Marine  
  73  8:48  Marine  
  76  9:03  Medivac x2  
  76  9:04  Marine x3  
  76  9:07  SCV  
  76  9:08  SCV  
  85  9:13  Engineering Bay  
  85  9:24  SCV  
  85  9:27  SCV  
  85  9:31  Marine  
  88  9:36  Orbital Command  
  88  9:37  SCV, Marine  
  88  9:38  Marine  
  91  9:39  SCV  
  91  9:42  Terran Infantry Weapons Level 1  
  92  9:50  Marine x2  
  92  9:51  Marine  
  95  9:53  Terran Infantry Armor Level 1  
  95  10:00  Supply Depot  
  95  10:01  SCV x2  
  95  10:02  SCV  
  98  10:07  Marine x2  
  98  10:10  Medivac  
  98  10:13  SCV  
  103  10:14  SCV  
  103  10:15  SCV  
  103  10:19  Marine x2  
  107  10:23  Supply Depot  
  107  10:25  SCV  
  107  10:27  SCV x2  
  107  10:28  Armory  
  110  10:37  SCV  
  110  10:38  Marine x4  
  110  10:39  SCV x2  
  117  10:44  Marine  
  117  10:48  Supply Depot  
  117  10:49  SCV  
  121  10:57  SCV x2  
  121  10:59  Marine x2  
  125  11:05  Viking  
  125  11:09  Marine x2, Viking  
  129  11:11  SCV x3  
  129  11:14  Marine  
  133  11:31  Command Center  
  133  11:35  Command Center  
  133  11:40  Command Center  
  133  11:51  Supply Depot  
  133  11:57  SCV x2, Marine x2, Viking x2  
  141  12:08  Terran Vehicle And Ship Armor Level 1  
  141  12:12  SCV x3, Marine x3  
  141  12:13  Supply Depot  
  147  12:17  Marine  
  147  12:18  Marine  
  149  12:24  SCV  
  149  12:27  Viking x2  
  154  12:30  Marine  
  154  12:31  Starport  
  154  12:33  Starport  
  154  12:35  Supply Depot  
  155  12:57  Supply Depot, Marine x4  
  155  12:58  Marine  
  160  13:10  Starport  
  160  13:13  Orbital Command  
  160  13:16  Orbital Command  
  160  13:20  Orbital Command  
  160  13:21  SCV x3  
  160  13:25  Barracks  
  163  13:30  Starport Tech Lab x2  
  163  13:33  SCV  
  164  13:34  Fusion Core  
  164  13:42  SCV x4  
  164  13:43  Marine x5  
  164  13:45  SCV  
  174  14:14  Barracks  
Tags
 
Add a new tag
Caveats
  • Supply blocks, unpowered buildings, or Contaminate may cause inaccurate times.
  • Supply counts are checked every 10 seconds.